[Event "ICC tourney 1955 (60 10)"]
[Site "Internet Chess Club"]
[Date "2020.08.07"]
[Round "2"]
[White "VeronicaG"]
[Black "KnightHawk8"]
[Result "0-1"]
[ICCResult "White resigns"]
[WhiteElo "1822"]
[BlackElo "2119"]
[Opening "Queen's bishop game"]
[ECO "D00"]
[NIC "QP.08"]
[Time "15:38:00"]
[TimeControl "3600+10"]

1. d4 d5 2. Bf4 Nf6 3. Nf3 c5 4. c3 e6 5. e3 Bd6 6. Bg3 Qc7 7. Ne5 Ne4 8. f4
Nxg3 9. hxg3 Nd7 10. Bd3 g6 11. Nd2 b6 12. Rc1 Bb7 13. Bb5 Bxe5 14. fxe5 Bc6
15. Bxc6 Qxc6 16. Nf3 O-O-O 17. Ng5 Rdf8 18. Qf3 f6 19. exf6 h6 20. Nh3 cxd4
21. exd4 Rxf6 22. Qe3 Rhf8 23. Nf4 e5 24. Ne2 g5 25. dxe5 Qe6 26. Nd4 Qxe5
27. Qxe5 Nxe5 28. Rc2 Nd3+ 29. Kd2 Nf2 30. Re1 Ne4+ 31. Kd3 Nxg3 32. c4
dxc4+ 33. Rxc4+ Kd7 34. Nb5 R8f7 35. Rd4+ Kc6 36. a4 Nf5 37. Rc1+ Kb7 38.
Rd5 a6 39. Nc3 Rd6 40. Rxd6 Nxd6 41. Nd5 b5 42. a5 Nc4 43. b4 Kc6 44. Ne3
Rd7+ 45. Ke2 Re7 46. Rc3 Rxe3+ 47. Rxe3 Nxe3 48. Kxe3 Kd5 49. Kd3 h5 50. g3
h4 51. gxh4 gxh4 52. Ke3 Kc4 53. Kf4 Kxb4 54. Kg4 Kxa5 55. Kxh4 b4 56. Kg4
b3 57. Kf4 b2 58. Ke4 {White resigns} 0-1

[Event "ICC tourney 1955 (60 10)"]
[Site "Internet Chess Club"]
[Date "2020.08.07"]
[Round "2"]
[White "Jonjons"]
[Black "BadWolf"]
[Result "1-0"]
[ICCResult "Black forfeits on time"]
[WhiteElo "1750"]
[BlackElo "1973"]
[Opening "QGD semi-Slav: Stoltz variation"]
[ECO "D45"]
[NIC "SL.08"]
[Time "15:37:43"]
[TimeControl "3600+10"]

1. d4 d5 2. c4 c6 3. Nc3 Nf6 4. Nf3 e6 5. e3 Nbd7 6. Qc2 Bd6 7. a3 Qe7 8. b4
O-O 9. Bd3 e5 10. dxe5 Nxe5 11. Nxe5 Qxe5 12. Bb2 Qe6 13. cxd5 cxd5 14. Nb5
Be5 15. Nd4 Qg4 16. f4 Bd6 17. O-O Qh5 18. Rf3 Re8 19. Nb5 Be7 20. Nc7 Bg4
21. Nxe8 Rxe8 22. Rf2 Be6 23. h3 Bxh3 24. gxh3 Qxh3 25. Qe2 Ng4 26. Rf3 Qh4
27. Bb5 Rd8 28. Qg2 {Black forfeits on time} 1-0

[Event "ICC tourney 1955 (60 10)"]
[Site "Internet Chess Club"]
[Date "2020.08.07"]
[Round "2"]
[White "Lukastico"]
[Black "alphachesplayer"]
[Result "1-0"]
[ICCResult "Black resigns"]
[WhiteElo "1952"]
[BlackElo "1689"]
[Opening "Catalan: closed, 5.Nf3"]
[ECO "E06"]
[NIC "CA.05"]
[Time "15:37:38"]
[TimeControl "3600+10"]

1. Nf3 Nf6 2. d4 e6 3. c4 d5 4. g3 Be7 5. Bg2 O-O 6. O-O dxc4 7. Qa4 Nbd7 8.
Qxc4 Nb6 9. Qc2 Bd7 10. Ne5 c6 11. Nc3 Rc8 12. Rd1 Qc7 13. Bf4 Bd6 14. Rac1
Rfd8 15. e4 Be8 16. Qe2 Qe7 17. Bg5 h6 18. Bxf6 Qxf6 19. Ng4 Qe7 20. e5 Bb4
21. Ne4 Nd5 22. a3 Ba5 23. Nd6 Rb8 24. Ne3 Nxe3 25. fxe3 Bc7 26. Ne4 b6 27.
b4 a5 28. Qc4 c5 29. bxc5 b5 30. Qc2 Bc6 31. Nd6 Bxg2 32. Qxg2 b4 33. axb4
axb4 34. Ra1 Bxd6 35. exd6 Qd7 36. Rdb1 b3 37. Ra3 b2 38. Rxb2 Rxb2 39. Qxb2
Qc6 40. Qb6 Qd7 41. Ra7 Qe8 42. Qc7 Rc8 43. d7 {Black resigns} 1-0

[Event "ICC tourney 1955 (60 10)"]
[Site "Internet Chess Club"]
[Date "2020.08.07"]
[Round "2"]
[White "ThunderingFish"]
[Black "minitotoro"]
[Result "1/2-1/2"]
[ICCResult "Game drawn by mutual agreement"]
[WhiteElo "1889"]
[BlackElo "1600"]
[Opening "Réti opening"]
[ECO "A05"]
[NIC "QP.11"]
[Time "15:38:25"]
[TimeControl "3600+10"]

1. Nf3 Nf6 2. g3 d5 3. Bg2 g6 4. O-O Bg7 5. d3 O-O 6. Nbd2 Bf5 7. Nh4 e5 8.
Nxf5 gxf5 9. c4 c6 10. Qb3 Qd7 11. Nf3 Re8 12. Nh4 f4 13. cxd5 Nxd5 14. e4
fxe3 15. fxe3 Na6 16. Nf5 Nc5 17. Qd1 Nf6 18. Qf3 e4 19. dxe4 Ncxe4 20. g4
h6 21. b3 Rad8 22. Nxg7 Kxg7 23. Bb2 Re6 24. Qf5 Qd2 25. Bxe4 Qxb2 26. g5
hxg5 27. Qxg5+ Kf8 28. Bf5 Red6 29. Rab1 Qe5 30. Rf2 Ne4 31. Qf4 Qxf4 32.
Rxf4 Nc3 33. Rb2 Rd1+ 34. Kg2 R8d2+ 35. Rf2 Rxf2+ 36. Rxf2 Re1 37. Kf3 Nd1
38. Rd2 Rxe3+ 39. Kf4 Re1 40. Kg5 {Game drawn by mutual agreement} 1/2-1/2

[Event "ICC tourney 1955 (60 10)"]
[Site "Internet Chess Club"]
[Date "2020.08.07"]
[Round "2"]
[White "vedrau"]
[Black "town"]
[Result "0-1"]
[ICCResult "White resigns"]
[WhiteElo "1889"]
[BlackElo "2131"]
[Opening "English: four knights, Romanishin variation"]
[ECO "A28"]
[NIC "EO.05"]
[Time "15:37:20"]
[TimeControl "3600+10"]

1. c4 e5 2. Nc3 Nf6 3. Nf3 Nc6 4. e3 Bb4 5. Qc2 Bxc3 6. Qxc3 Qe7 7. d4 d6 8.
d5 Nb8 9. Be2 O-O 10. O-O Ne4 11. Qc2 f5 12. Nd2 Nf6 13. f3 a5 14. b3 Na6
15. a3 Bd7 16. Rb1 g5 17. b4 f4 18. Bd3 axb4 19. axb4 b6 20. Ne4 Nxe4 21.
Bxe4 Kh8 22. Qc3 Qg7 23. Rf2 Nb8 24. Ra1 Rxa1 25. Qxa1 Bc8 26. c5 bxc5 27.
bxc5 Nd7 28. cxd6 cxd6 29. Qa7 Nc5 30. Ra2 Nxe4 31. Qxg7+ Kxg7 32. Ra7+ Kg6
33. fxe4 f3 34. Ra2 fxg2 35. Kxg2 Bg4 36. Rf2 Rc8 37. Kg3 h5 38. Bb2 Rc4 39.
h3 Bd1 40. Rd2 Ba4 41. Kf3 Bd7 42. Ba3 Bxh3 43. Bxd6 Bg4+ 44. Kf2 Rxe4 45.
Be7 Bd7 46. Ra2 Ra4 47. Rxa4 Bxa4 48. d6 h4 49. Kg2 Bc6+ 50. Kh2 Kh5 51. Kg1
g4 52. e4 g3 53. d7 Bxd7 54. Bd6 Bc6 55. Kg2 Bxe4+ 56. Kg1 Kg4 57. Bxe5 h3
58. Bxg3 Kxg3 {White resigns} 0-1

[Event "ICC tourney 1955 (60 10)"]
[Site "Internet Chess Club"]
[Date "2020.08.07"]
[Round "2"]
[White "canary2016"]
[Black "abi2009"]
[Result "0-1"]
[ICCResult "White resigns"]
[WhiteElo "1935"]
[BlackElo "1794"]
[Opening "Queen's gambit declined"]
[ECO "D30"]
[NIC "QP.08"]
[Time "15:38:26"]
[TimeControl "3600+10"]

1. d4 d5 2. c4 e6 3. Nf3 Nf6 4. g3 c6 5. Bg2 Bd6 6. O-O O-O 7. Nc3 Nbd7 8.
b3 b6 9. Bb2 Bb7 10. Qd3 Qe7 11. Rfe1 Rac8 12. Rac1 a6 13. h3 Rfd8 14. e4
dxe4 15. Nxe4 Nxe4 16. Qxe4 Nf6 17. Qe2 Bb4 18. Red1 Ba3 19. Ne5 Bxb2 20.
Qxb2 c5 21. Nf3 cxd4 22. Rxd4 Rxd4 23. Qxd4 b5 24. c5 h6 25. Ne5 Bxg2 26.
Kxg2 Nd5 27. c6 Qd6 28. Kh2 f6 29. Ng6 Kf7 30. Nf4 Rxc6 31. Rd1 Qc5 32. Qd2
Nxf4 33. Qxf4 Rc7 34. Kg1 Re7 35. Qf3 a5 36. Rd8 a4 37. b4 Qe5 38. h4 Rc7
39. Qa8 Qe1+ 40. Kg2 Qxb4 41. Qb8 Qc5 42. Rh8 Qc6+ 43. Kh2 Kg6 44. Qd8 Qd7
45. Qa8 f5 46. Qf3 Qc6 47. Qe3 Qd5 48. Re8 Kf7 49. Rb8 Rb7 50. Rc8 Rd7 51.
a3 Qd3 52. Qc5 Qd4 53. Qf8+ Kg6 54. Qe8+ Kf6 55. Rc2 Qd3 56. Qc8 Rf7 57. Qc5
Rd7 58. Qc8 Rd8 59. Qc6 g5 60. Rc3 Qd4 61. Re3 Qd5 62. Qc3+ Kf7 63. Qc7+ Rd7
64. Qc3 gxh4 65. gxh4 Qd4 66. Qc2 Qxh4+ 67. Rh3 Qf4+ 68. Rg3 Rd2 69. Qc3
Qxf2+ {White resigns} 0-1

[Event "ICC tourney 1955 (60 10)"]
[Site "Internet Chess Club"]
[Date "2020.08.07"]
[Round "2"]
[White "playtowin2020"]
[Black "rtahmass"]
[Result "1/2-1/2"]
[ICCResult "Game drawn by mutual agreement"]
[WhiteElo "1954"]
[BlackElo "2160"]
[Opening "Scotch gambit: Dubois-Réti defense"]
[ECO "C55"]
[NIC "KP.02"]
[Time "15:37:49"]
[TimeControl "3600+10"]

1. e4 e5 2. Nf3 Nc6 3. d4 exd4 4. Bc4 Nf6 5. e5 d5 6. Bb5 Ne4 7. Nxd4 Bd7 8.
Bxc6 bxc6 9. O-O Bc5 10. f3 Ng5 11. f4 Ne4 12. Be3 O-O 13. Nd2 Nxd2 14. Qxd2
Bb6 15. Nb3 a5 16. a4 Qe7 17. Kh1 Qb4 18. Qxb4 axb4 19. Bc5 Bxc5 20. Nxc5
Bf5 21. c3 bxc3 22. bxc3 Rfb8 23. Ra3 Bc8 24. Rfa1 Ba6 25. Nb3 Bc4 26. Nd4
c5 27. Nf5 Kf8 28. Ne3 Bb3 29. Kg1 d4 30. cxd4 cxd4 31. Nf5 d3 32. Nd4 Bc4
33. Rc3 Rb4 34. a5 Ba6 35. Nf3 Rc8 36. g3 c5 37. Ra2 Rb1+ 38. Kf2 c4 39. Nd2
Rh1 40. Nf3 Rb8 41. Ke3 Rbb1 42. Kd4 Rhc1 43. Rca3 Rc2 44. Nd2 Rbc1 45. Ne4
Rxa2 46. Rxa2 Ke7 47. Rb2 Rc2 48. Rb1 Ra2 49. Nc5 Rxa5 50. Nxa6 Rxa6 51.
Kxc4 Ra2 52. Kxd3 Rxh2 53. Ke3 Ra2 54. Kf3 h5 55. Rb7+ Ke6 56. Rb6+ Kf5 57.
Rb3 Ra4 58. Rb7 Ra3+ 59. Kg2 Ke6 60. Kh3 g6 61. Rb6+ Ke7 62. Rb7+ Kf8 63.
Kh4 Ra1 64. Kg5 Ra6 65. g4 hxg4 66. Kxg4 Kg7 67. Kg5 Ra5 68. Kg4 Ra6 69. Kg5
Re6 70. Ra7 Re8 71. Rd7 Re6 72. Ra7 Kf8 73. Ra8+ Ke7 74. Ra7+ Ke8 75. Ra8+
Ke7 76. Ra7+ Kf8 77. Ra8+ Kg7 78. Ra7 Rb6 79. Rc7 Rb5 80. Ra7
{Game drawn by mutual agreement}
1/2-1/2

[Event "ICC tourney 1955 (60 10)"]
[Site "Internet Chess Club"]
[Date "2020.08.07"]
[Round "2"]
[White "Mozart1"]
[Black "StarWaricc"]
[Result "0-1"]
[ICCResult "White resigns"]
[WhiteElo "1875"]
[BlackElo "1814"]
[Opening "Sicilian: Anderssen variation"]
[ECO "B41"]
[NIC "SI.41"]
[Time "15:38:12"]
[TimeControl "3600+10"]

1. e4 c5 2. Nf3 e6 3. d4 cxd4 4. Nxd4 Nf6 5. Bd3 Nc6 6. Nxc6 bxc6 7. O-O d5
8. Nd2 Be7 9. b3 O-O 10. Bb2 a5 11. a4 Ba6 12. Bxa6 Rxa6 13. Qe2 Ra8 14.
Rfd1 Qc7 15. Rac1 h6 16. c4 Qb6 17. Rc3 d4 18. Rg3 e5 19. Qf3 Rfe8 20. Qf5
Qc7 21. Nf3 Bd8 22. Nh4 Kh8 23. Qf3 Rb8 24. Nf5 Rg8 25. c5 Be7 26. Rh3 Nh7
27. Ba3 Ng5 28. Qh5 Nxh3+ 29. Qxh3 Kh7 30. Bc1 Bf8 31. g4 f6 32. Kh1 Qf7 33.
Rd3 Rb4 34. Bd2 Rb8 35. Bxa5 Bxc5 36. Bd2 Bf8 37. Rf3 Qb7 38. b4 c5 39. bxc5
Qxe4 40. a5 Qc2 41. Rd3 Qxc5 42. Qf3 Rb1+ 43. Kg2 Rb5 44. Qe4 Qd5 45. Qxd5
Rxd5 46. a6 Bc5 47. Rh3 Rf8 48. Kf3 Ra8 49. Ke4 Rd7 50. g5 fxg5 51. Bxg5 Bf8
52. Kxe5 Rxa6 53. Nxd4 Ra5+ 54. Ke6 Rxd4 55. Kf7 Rxg5 56. Kxf8 Rf4+ 57. Ke7
Rxf2 {White resigns} 0-1

[Event "ICC tourney 1955 (60 10)"]
[Site "Internet Chess Club"]
[Date "2020.08.07"]
[Round "2"]
[White "meghna"]
[Black "amp1997"]
[Result "1/2-1/2"]
[ICCResult "Game drawn by repetition"]
[WhiteElo "1928"]
[BlackElo "2082"]
[Opening "Pirc: classical system, 5.Be2"]
[ECO "B08"]
[NIC "PU.03"]
[Time "15:37:49"]
[TimeControl "3600+10"]

1. e4 d6 2. d4 Nf6 3. Nc3 g6 4. Nf3 Bg7 5. Be2 Nbd7 6. O-O c5 7. Re1 cxd4 8.
Nxd4 a6 9. Be3 b5 10. a3 Bb7 11. f3 O-O 12. Bf2 Rc8 13. Nb3 Qc7 14. Bf1 Ne5
15. Nd2 Rfd8 16. Qe2 Re8 17. Be3 e6 18. Qf2 d5 19. Bd4 dxe4 20. Ndxe4 Nxe4
21. Nxe4 Qc6 22. c3 f5 23. Nc5 Nf7 24. Bxg7 Qxc5 25. Bd4 Qc7 26. b4 e5 27.
Bc5 Ng5 28. Qg3 Nf7 29. c4 Bc6 30. Ra2 e4 31. f4 Rcd8 32. h4 Nd6 33. Bd4
bxc4 34. Be5 Qb6+ 35. Kh2 Nf7 36. Ba1 Bd5 37. Qc3 Kf8 38. Bxc4 Bxc4 39. Qxc4
Rd3 40. Qc2 Red8 41. Qb2 Rd2 42. Qg7+ Ke7 43. Rxd2 Rxd2 44. Rc1 e3 45. Rc8
Rd8 46. Rc5 Rd6 47. Rc8 Rd8 48. Rc5 Rd6 49. Rc8 Rd8 50. Rc5 Rd6
{Game drawn by repetition}
1/2-1/2

[Event "ICC tourney 1955 (60 10)"]
[Site "Internet Chess Club"]
[Date "2020.08.07"]
[Round "2"]
[White "askarkztx"]
[Black "atevifred"]
[Result "1-0"]
[ICCResult "Black resigns"]
[WhiteElo "2135"]
[BlackElo "1875"]
[Opening "English opening"]
[ECO "A20"]
[NIC "EO.24"]
[Time "15:38:07"]
[TimeControl "3600+10"]

1. c4 e5 2. g3 Nf6 3. Bg2 Nc6 4. Nc3 Be7 5. d3 O-O 6. Nf3 d5 7. cxd5 Nxd5 8.
O-O Be6 9. h4 Qd7 10. Bd2 Rad8 11. a3 Rfe8 12. b4 a6 13. Rb1 b5 14. Ne4 f6
15. Rc1 Nd4 16. Nc5 Bxc5 17. Rxc5 Ne7 18. Nxd4 exd4 19. Qc2 c6 20. Rc1 Bh3
21. Bf3 Bg4 22. Qb3+ Be6 23. Qd1 Rc8 24. Kh2 Bd5 25. Qh1 Kf8 26. Re1 Qf5 27.
Bf4 g5 28. hxg5 fxg5 29. Bd6 Qe6 30. Bxe7+ Kxe7 31. Bxd5 cxd5 32. Qxd5 Qxd5
33. Rxd5 Kf6 34. Rxd4 Rc3 35. Rd6+ Re6 36. Rxe6+ Kxe6 37. Ra1 Rc2 38. Kg2
Rxe2 39. Kf3 Rd2 40. Ke3 Rc2 41. Rh1 Rc3 42. Rh6+ Kf5 43. Rxa6 h5 44. Ra5
Kg4 45. Kd2 Rc6 46. Rxb5 Rf6 47. Ke2 Re6+ 48. Kf1 Rd6 49. Kg2 Rxd3 50. f3+
{Black resigns}
1-0

[Event "ICC tourney 1955 (60 10)"]
[Site "Internet Chess Club"]
[Date "2020.08.07"]
[Round "2"]
[White "zchen15"]
[Black "pika0008"]
[Result "0-1"]
[ICCResult "White resigns"]
[WhiteElo "1807"]
[BlackElo "1636"]
[Opening "QGD Slav accepted"]
[ECO "D15"]
[NIC "SL.03"]
[Time "15:38:45"]
[TimeControl "3600+10"]

1. d4 d5 2. c4 c6 3. Nc3 Nf6 4. Nf3 dxc4 5. a3 Bf5 6. a4 e6 7. Ne5 Bb4 8.
Nxc4 O-O 9. Qb3 a5 10. Bg5 h6 11. Bf4 Nd5 12. Bd2 Bh7 13. g3 Qe7 14. Bg2 Nd7
15. O-O N7b6 16. e4 Nxc4 17. Qxc4 Nb6 18. Qe2 Rad8 19. Be3 Nd7 20. Na2 Bd6
21. Rac1 Bb8 22. Bd2 Bc7 23. Rfd1 Nf6 24. Bc3 e5 25. d5 cxd5 26. exd5 Qd6
27. b4 Rfe8 28. bxa5 e4 29. Bxf6 gxf6 30. a6 bxa6 31. Rc6 Qe5 32. Qc4 Bb8
33. Rxa6 e3 34. fxe3 Qxe3+ 35. Kh1 Re4 36. Qc3 Qe2 37. Rf1 Qxa6 38. Rxf6
Qxf6 39. Qxf6 Re1+ 40. Bf1 Be4+ 41. Kg1 Ba7+ {White resigns} 0-1

[Event "ICC tourney 1955 (60 10)"]
[Site "Internet Chess Club"]
[Date "2020.08.07"]
[Round "2"]
[White "matein7"]
[Black "Blue-Elephant1"]
[Result "1/2-1/2"]
[ICCResult "Game drawn by mutual agreement"]
[WhiteElo "1926"]
[BlackElo "2087"]
[Opening "QGD semi-Slav: Meran variation"]
[ECO "D47"]
[NIC "SL.09"]
[Time "15:37:49"]
[TimeControl "3600+10"]

1. d4 d5 2. c4 c6 3. Nf3 Nf6 4. e3 e6 5. Nc3 Nbd7 6. Bd3 dxc4 7. Bxc4 b5 8.
Bd3 Bd6 9. O-O O-O 10. Qe2 Bb7 11. e4 e5 12. Rd1 a6 13. h3 Qc7 14. Be3 exd4
15. Nxd4 Rfe8 16. Rac1 c5 17. Nf5 Bf8 18. Qf3 Ne5 19. Qg3 Kh8 20. Be2 Qc6
21. Rd6 Nxe4 22. Nxe4 Qxe4 23. Rb6 Qxf5 24. Rxb7 c4 25. a4 Reb8 26. Bg4 Qe4
27. Rxb8 Rxb8 28. Bf4 Re8 29. Bxe5 Qxe5 30. Qxe5 Rxe5 31. axb5 axb5 32. b3
cxb3 33. Rb1 Bd6 34. g3 g6 35. Rxb3 b4 36. Kg2 Kg7 37. Bd7 Kf6 38. f4 Rc5
39. Ba4 Rc2+ 40. Kf3 Ra2 41. Bb5 Ke7 42. Re3+ Kf6 43. g4 Rh2 44. g5+ Kg7 45.
Ke4 Rf2 46. Rf3 Rxf3 47. Kxf3 f6 48. Bc4 h6 49. h4 hxg5 50. hxg5 f5 51. Bb3
Kf8 52. Bc4 Ke7 53. Bb3 Bc5 54. Bc4 Bd4 55. Bb3 Bg1 56. Kg2 Be3 57. Kf3 Bc1
58. Bc4 Kf8 59. Bb3 Ke7 60. Bc4 Ke8 61. Bb3 Bd2 62. Bc4 Bc3 63. Bb3 Bg7 64.
Bc4 Bd4 65. Bb3 Ke7 66. Bc4 Bg7 67. Bb3 Kf8 {Game drawn by mutual agreement}
1/2-1/2

[Event "ICC tourney 1955 (60 10)"]
[Site "Internet Chess Club"]
[Date "2020.08.07"]
[Round "2"]
[White "bishoboo"]
[Black "ningaling291"]
[Result "1-0"]
[ICCResult "Black resigns"]
[WhiteElo "2017"]
[BlackElo "1709"]
[Opening "QGD: exchange, positional line"]
[ECO "D35"]
[NIC "QP.08"]
[Time "15:38:25"]
[TimeControl "3600+10"]

1. d4 d5 2. c4 e6 3. cxd5 exd5 4. Nc3 Nf6 5. Bg5 Nbd7 6. e3 c6 7. Bd3 Bd6 8.
f3 Qb6 9. Rb1 h6 10. Bh4 c5 11. Nge2 O-O 12. O-O Re8 13. Bf2 a6 14. a4 Qc7
15. h3 Nf8 16. Rc1 b6 17. Bb1 Be6 18. e4 dxe4 19. fxe4 cxd4 20. Nb5 Qe7 21.
Nxd6 Qxd6 22. Bxd4 N8d7 23. Bc3 Qxd1 24. Rcxd1 Bb3 25. Rd4 Nc5 26. Ng3 Bxa4
27. e5 Nfd7 28. e6 Rxe6 29. Ba2 Rf6 30. Rg4 Rxf1+ 31. Kxf1 Bb5+ 32. Kg1 g5
33. h4 Kf8 34. hxg5 hxg5 35. Rxg5 Ne6 36. Rh5 Re8 37. Nf5 f6 38. Rh8+ Kf7
39. Nd6+ Kg7 40. Rxe8 {Black resigns} 1-0

[Event "ICC tourney 1955 (60 10)"]
[Site "Internet Chess Club"]
[Date "2020.08.07"]
[Round "2"]
[White "Aarush37"]
[Black "MrNormalName"]
[Result "0-1"]
[ICCResult "White resigns"]
[WhiteElo "1833"]
[BlackElo "2190"]
[Opening "Scotch: Blumenfeld attack"]
[ECO "C45"]
[NIC "SO.05"]
[Time "15:38:25"]
[TimeControl "3600+10"]

1. e4 e5 2. Nf3 Nc6 3. d4 exd4 4. Nxd4 Bc5 5. Be3 Qf6 6. Nb5 Bxe3 7. fxe3
Qh4+ 8. g3 Qd8 9. Qg4 g5 10. N1c3 a6 11. Nd4 Ne5 12. Qe2 d6 13. h3 Nf6 14.
Bg2 Be6 15. O-O-O Qe7 16. Nd5 Bxd5 17. exd5 O-O-O 18. Nc6 Nxc6 19. dxc6 d5
20. h4 Ne4 21. Rhf1 Qe6 22. cxb7+ Kxb7 23. Bxe4 dxe4 24. Kb1 gxh4 25. gxh4
f5 26. Qh5 Qg6 27. Qe2 Qg4 28. Qxg4 fxg4 29. Kc1 Rhf8 30. c4 Rxd1+ 31. Rxd1
Rf3 32. Kd2 Rh3 33. h5 Rxh5 34. Kc3 g3 35. Rg1 Rg5 36. Kd4 Rg4 37. Ke5 h5
38. Kf5 g2 39. b4 Rg8 40. Kxe4 h4 41. Kf3 h3 {White resigns} 0-1

[Event "ICC tourney 1955 (60 10)"]
[Site "Internet Chess Club"]
[Date "2020.08.07"]
[Round "2"]
[White "ajschess05"]
[Black "chessfirelord"]
[Result "1-0"]
[ICCResult "Black resigns"]
[WhiteElo "1933"]
[BlackElo "1447"]
[Opening "Queen's pawn, Mason variation"]
[ECO "D00"]
[NIC "QP.08"]
[Time "15:37:13"]
[TimeControl "3600+10"]

1. d4 d5 2. Bf4 Nf6 3. e3 Bf5 4. c4 c6 5. Nc3 dxc4 6. Bxc4 e6 7. Qb3 Qb6 8.
Nf3 Nbd7 9. O-O Be7 10. h3 O-O 11. Nh4 Qxb3 12. axb3 Be4 13. Nxe4 Nxe4 14.
Nf3 c5 15. d5 exd5 16. Bxd5 Nd6 17. Bxd6 Bxd6 18. Bxb7 Rab8 19. Rxa7 Nf6 20.
Nd2 c4 21. Nxc4 Bc5 22. Ra5 Rxb7 23. Rxc5 Rxb3 24. Rd1 h6 25. Rc6 Rfb8 26.
f3 R3b5 27. Rcd6 Kh7 28. Rd8 Rxd8 29. Rxd8 Rb4 30. Rc8 Nd5 31. e4 Nf4 32.
Rc7 f6 33. Kh2 Nd3 34. Ne3 Nf4 35. Nf5 Ne6 36. Rc2 Kg6 37. Kg3 Kg5 38. Ne7
Rb5 39. b4 h5 40. h4+ Kh6 41. Rc8 Kh7 42. Rc6 Re5 43. Nd5 Nd4 44. Rc7 Kg6
45. Re7 Rxe7 46. Nxe7+ Kf7 47. Nd5 Nb5 48. Kf4 Ke6 49. g4 g6 50. gxh5 gxh5
51. Ke3 Ke5 52. Nf4 {Black resigns} 1-0

[Event "ICC tourney 1955 (60 10)"]
[Site "Internet Chess Club"]
[Date "2020.08.07"]
[Round "2"]
[White "Zues9393"]
[Black "saanvichess"]
[Result "0-1"]
[ICCResult "White checkmated"]
[WhiteElo "1926"]
[BlackElo "1673"]
[Opening "French: Winawer, advance, Russian variation"]
[ECO "C17"]
[NIC "FR.10"]
[Time "15:38:25"]
[TimeControl "3600+10"]

1. e4 e6 2. d4 d5 3. Nc3 Bb4 4. e5 c5 5. Qg4 Ne7 6. Nf3 cxd4 7. Nxd4 Ng6 8.
Bb5+ Bd7 9. O-O O-O 10. Nxe6 Bxc3 11. Nxd8 Bxg4 12. Nxb7 Bxe5 13. c3 a6 14.
Bd3 Nd7 15. f4 Bc7 16. h3 Bxh3 17. gxh3 Rfb8 18. c4 Rxb7 19. cxd5 Bb6+ 20.
Kh2 Nf6 21. Bc4 Rc7 22. Bb3 Rd8 23. f5 Ne5 24. Bf4 Re7 25. Rad1 Ned7 26. Rd2
Nc5 27. Bc4 Nh5 28. Bg5 f6 29. d6+ Rf7 30. Re1 fxg5 31. Re7 Rf8 32. Rde2 Nf6
33. Rxf7 Rxf7 34. Re7 Ncd7 35. Bxf7+ Kf8 36. Be6 Bc5 37. Rf7+ Ke8 38. Rxg7
Bxd6+ 39. Kg2 Nc5 40. Ra7 Be5 41. b3 Nd3 42. Rxa6 Nf4+ 43. Kf1 Nxh3 44. Bg8
Nf4 45. Ra8+ Kd7 46. Ra7+ Kd6 47. Bxh7 g4 48. Bg6 g3 49. Ra4 N6d5 50. Be8
Ne3+ 51. Ke1 Nd3+ 52. Ke2 g2 53. Ra6+ Kc5 54. b4+ Kd4 55. Rg6 Nf4+ 56. Kf2
Nxg6 57. Bc6 Nf4 58. Bxg2 Nfxg2 59. a4 Nf4 60. Kf3 Nxf5 61. b5 Nd6 62. b6
Nb7 63. Kg4 Nd5 64. a5 Nxa5 65. b7 Nxb7 66. Kf5 Nd6+ 67. Ke6 Bg3 68. Kd7 Ke5
69. Kc6 Ke6 70. Kc5 Bf2+ 71. Kc6 Nb4+ 72. Kc7 Ba7 73. Kd8 Nc6+ 74. Kc7 Nb8
75. Kd8 Bb6# {White checkmated} 0-1

[Event "ICC tourney 1955 (60 10)"]
[Site "Internet Chess Club"]
[Date "2020.08.07"]
[Round "2"]
[White "aadit1709"]
[Black "slolla"]
[Result "1/2-1/2"]
[ICCResult "Game drawn by mutual agreement"]
[WhiteElo "2003"]
[BlackElo "1841"]
[Opening "King's Indian: fianchetto without c4"]
[ECO "A49"]
[NIC "QP.06"]
[Time "15:43:15"]
[TimeControl "3600+10"]

1. d4 Nf6 2. Nf3 g6 3. g3 Bg7 4. Bg2 O-O 5. O-O d6 6. b3 Nc6 7. Bb2 Bd7 8.
c4 a6 9. Nc3 Rb8 10. d5 Na5 11. Nd4 c5 12. dxc6 Nxc6 13. Rc1 Nxd4 14. Qxd4
b5 15. Nd5 bxc4 16. Qxc4 Be6 17. Qd4 Bxd5 18. Bxd5 e6 19. Bg2 d5 20. Qa4 Qd7
21. Rc6 Rfc8 22. Rfc1 Rxc6 23. Rxc6 a5 24. Bf3 h5 25. Be5 Ra8 26. e3 Ne8 27.
Bxg7 Kxg7 28. Be2 Nd6 29. Qd4+ Kg8 30. Qb6 Nc8 31. Qc5 Qd8 32. Ba6 Ne7 33.
Rd6 Qb8 34. Rd7 Nf5 35. Bb7 Ra7 36. Qb6 Ra8 37. Qc6 Ra7 38. Rc7 Nd6 39. Qxd6
Rxb7 40. Rd7 Qxd6 41. Rxd6 a4 42. bxa4 Ra7 43. Rb6 Rxa4 44. Rb2 Kg7 45. h4
Kf6 46. Kf1 Ke5 47. Ke2 Ke4 48. Rd2 f6 49. Kd1 e5 50. Kc1 g5 51. Kb2 d4 52.
exd4 exd4 53. Kb3 Ra7 54. Kc4 Rd7 55. a4 d3 56. a5 Rc7+ 57. Kb3 Rb7+ 58. Ka4
Kd4 59. a6 Rb1 60. Ra2 Kc3 61. a7 d2 62. a8=Q d1=Q+ 63. Ka5 Qe1 64. Qd5 Ra1
65. Rxa1 Qxa1+ 66. Kb6 Qb2+ 67. Kc6 Qxf2 68. hxg5 fxg5 69. Qxg5 Qf3+ 70. Kd6
Kd3 71. Ke5 Ke2 72. Qh4 Kf1 73. Qh2 {Game drawn by mutual agreement} 1/2-1/2

[Event "ICC tourney 1955 (60 10)"]
[Site "Internet Chess Club"]
[Date "2020.08.07"]
[Round "2"]
[White "fluffypillow73"]
[Black "albli"]
[Result "1-0"]
[ICCResult "Black checkmated"]
[WhiteElo "2056"]
[BlackElo "1759"]
[Opening "English: four knights, 4.e3"]
[ECO "A28"]
[NIC "EO.06"]
[Time "15:38:05"]
[TimeControl "3600+10"]

1. c4 e5 2. Nc3 Nc6 3. Nf3 Nf6 4. e3 Be7 5. d4 exd4 6. Nxd4 O-O 7. Be2 Nxd4
8. Qxd4 d6 9. Bf3 c6 10. O-O Be6 11. Rd1 Qc7 12. e4 Nd7 13. Be2 Rfd8 14. Be3
Nb6 15. Rac1 Bf6 16. Qd2 Nxc4 17. Bxc4 Bxc4 18. b3 Be6 19. Nb5 Qe7 20. Nxd6
Be5 21. Bc5 b6 22. f4 Bg4 23. fxe5 Bxd1 24. Bf2 Bh5 25. Qf4 f6 26. Qd2 Qxe5
27. Bg3 Qe7 28. Rxc6 Be8 29. Rc3 Bd7 30. Rc7 Qe6 31. Nb7 Qe8 32. Nxd8 Rxd8
33. Qc2 Bg4 34. h3 Bh5 35. Rxa7 Rc8 36. Rc7 Rxc7 37. Qxc7 Qxe4 38. Qxb6 Qb1+
39. Kh2 Qxa2 40. Qd8+ Kf7 41. Qd5+ Kg6 42. Qe4+ Kh6 43. Qe6 Qe2 44. Bf4+ Kg6
45. Qd5 Qf1 46. Bd6 Qf5 47. Qc4 Qf2 48. b4 Be2 49. Qe4+ Kh6 50. Bf4+ g5 51.
Bd6 f5 52. Bf8+ Kh5 53. Qe5 f4 54. Qc3 Bf1 55. Qf3+ Qxf3 56. gxf3 Kh4 57.
Be7 h5 58. Bc5 g4 59. Be7# {Black checkmated} 1-0

[Event "ICC tourney 1955 (60 10)"]
[Site "Internet Chess Club"]
[Date "2020.08.07"]
[Round "2"]
[White "birdybird"]
[Black "AVS"]
[Result "0-1"]
[ICCResult "White resigns"]
[WhiteElo "1827"]
[BlackElo "1875"]
[Opening "QGD: Cambridge Springs defense, Bogolyubov variation"]
[ECO "D52"]
[NIC "QO.15"]
[Time "15:37:46"]
[TimeControl "3600+10"]

1. d4 d5 2. c4 e6 3. Nc3 Nf6 4. Bg5 c6 5. e3 Nbd7 6. Nf3 Qa5 7. Nd2 Bb4 8.
Qc2 O-O 9. Bxf6 Nxf6 10. Bd3 Bxc3 11. Qxc3 Qxc3 12. bxc3 Rd8 13. O-O b6 14.
Rfb1 Ba6 15. a4 dxc4 16. Bxc4 Bxc4 17. Nxc4 Nd5 18. Ra3 Rab8 19. Ne5 Ne7 20.
Kf1 f6 21. Nf3 Kf7 22. Ke2 Ng6 23. Rab3 Rd7 24. Nd2 Rc8 25. a5 bxa5 26. Ra1
c5 27. Rxa5 cxd4 28. cxd4 Ne7 29. Rba3 Rcc7 30. Ne4 Nd5 31. Nc5 Re7 32. e4
Nb6 33. Kd3 Nd7 34. Kc4 Nxc5 35. dxc5 Red7 36. Ra6 e5 37. c6 Rd6 38. Kc5 Ke6
39. Rb3 Rd2 40. Rba3 Rxf2 41. Rxa7 Rc2+ 42. Kb5 R2xc6 43. R3a6 Kf7 44. Rxc6
Rxa7 45. Rc2 Rd7 46. Re2 Rd4 47. Kc5 Kg6 48. Re3 Kf7 49. g4 Kg6 50. h4 h5
51. Rg3 Rxe4 52. gxh5+ Kh6 53. Kd5 Rxh4 54. Ke6 {White resigns} 0-1